TOP OF THE 1ST |
Arizona State Sun Devils batting - Pitching for Villanova Wildcats : RHP Gerald Walker
|
Pitching: RHP Gerald Walker
|
|
Batting: LHB Ryan Billman
|
0-0: Called Strike 0-1: Ground out U3 (Groundball, 34)
|
Batting: SHB Doyle Goodwin
|
0-0: Ball 1-0: Called Strike 1-1: Ball 2-1: SOLO HOME RUN (Flyball, 9D), Distance : 366 ft
|
Batting: SHB Leonardo González
|
0-0: Ball 1-0: Foul Ball, location: 2F 1-1: Ball 2-1: Foul Ball, location: 2F 2-2: Foul Ball, location: 2F 2-2: Ball 3-2: Base on Balls
|
Batting: SHB Paul Davenport
|
0-0: Ball 1-0: Ball 2-0: Ball 3-0: Called Strike 3-1: Called Strike 3-2: Foul Ball, location: 2F 3-2: Base on Balls Leonardo González to second
|
Batting: RHB Tim Oliver
|
0-0: Ball 1-0: Called Strike 1-1: Fly out, F8 (Flyball, 89M)
|
Batting: LHB Werner Fisher
|
0-0: Ball 1-0: Swinging Strike 1-1: Foul Ball, location: 2F 1-2: Strikes out looking
|
Top of the 1st over - 1 run(s), 1 hit(s), 0 error(s), 2 left on base; Arizona State 1 - Villanova 0 |
BOTTOM OF THE 1ST |
Villanova Wildcats batting - Pitching for Arizona State Sun Devils : LHP Howard Sigurdson
|
Pitching: LHP Howard Sigurdson
|
|
Batting: RHB Juan Romero
|
0-0: Ball 1-0: Foul Ball, location: 2F 1-1: Foul Ball, location: 2F 1-2: Strikes out swinging
|
Batting: LHB Jonathan Belisle
|
0-0: Ground out U3 (Groundball, 3)
|
Batting: RHB Steve Smith
|
0-0: Ball 1-0: Ball 2-0: Ball 3-0: Base on Balls
|
Batting: RHB Paul Bell
|
0-0: Foul Ball, location: 2F 0-1: Ball 1-1: Foul Ball, location: 2F 1-2: Fly out, F7 (Flyball, 78D)
|
Bottom of the 1st over - 0 run(s), 0 hit(s), 0 error(s), 1 left on base; Arizona State 1 - Villanova 0 |
TOP OF THE 2ND |
Arizona State Sun Devils batting - Pitching for Villanova Wildcats : RHP Gerald Walker
|
Batting: LHB José Serrano
|
0-0: Ball 1-0: Ball 2-0: Ball 3-0: Called Strike 3-1: Foul Ball, location: 2F 3-2: Strikes out swinging
|
Batting: LHB Juan Guzmán
|
0-0: Bunt missed! 0-1: Ball 1-1: Ball 2-1: Ground out 6-3 (Groundball, 6D)
|
Batting: LHB John Turner
|
0-0: Ground out 5-3 (Groundball, 56S)
|
Top of the 2nd over - 0 run(s), 0 hit(s), 0 error(s), 0 left on base; Arizona State 1 - Villanova 0 |
BOTTOM OF THE 2ND |
Villanova Wildcats batting - Pitching for Arizona State Sun Devils : LHP Howard Sigurdson
|
Batting: RHB Gary Jones
|
0-0: Called Strike 0-1: Swinging Strike 0-2: Strikes out swinging
|
Batting: LHB José Gómez
|
0-0: Ball 1-0: Ball 2-0: Foul Ball, location: 2F 2-1: Foul Ball, location: 2F 2-2: Ball 3-2: SOLO HOME RUN (Flyball, 9LD), Distance : 324 ft
|
Batting: RHB Reynaldo Gómez
|
0-0: Called Strike 0-1: Swinging Strike 0-2: Strikes out swinging
|
Batting: RHB Michael Boulanger
|
0-0: Foul Ball, location: 2F 0-1: Foul Ball, location: 2F 0-2: Foul Ball, location: 2F 0-2: SINGLE (Flyball, 9LS)
|
Batting: RHB Martín Flores
|
0-0: Ball 1-0: Foul Ball, location: 2F 1-1: Ball 2-1: Ball 3-1: Foul Ball, location: 2F 3-2: Base on Balls Michael Boulanger to second
|
Batting: RHB Juan Romero
|
0-0: Called Strike 0-1: Swinging Strike 0-2: Foul Ball, location: 2F 0-2: Ball 1-2: Foul Ball, location: 2F 1-2: Strikes out looking and he ARGUES THE CALL AND IS TOSSED!
|
Bottom of the 2nd over - 1 run(s), 2 hit(s), 0 error(s), 2 left on base; Arizona State 1 - Villanova 1 |
TOP OF THE 3RD |
Arizona State Sun Devils batting - Pitching for Villanova Wildcats : RHP Gerald Walker
|
Now at SS: William Donnelly
|
|
Batting: LHB Ryan Billman
|
0-0: Ball 1-0: Ball 2-0: SINGLE (Groundball, 34S) (infield hit)
|
Batting: SHB Doyle Goodwin
|
0-0: Ball 1-0: Called Strike 1-1: Ball 2-1: Ball 3-1: 2-RUN HOME RUN (Flyball, 8RXD), Distance : 410 ft
|
Batting: SHB Leonardo González
|
0-0: Ground out 4-3 (Groundball, 4D)
|
Batting: SHB Paul Davenport
|
0-0: Called Strike 0-1: Swinging Strike 0-2: Strikes out swinging
|
Batting: RHB Tim Oliver
|
0-0: Ball 1-0: Foul Ball, location: 2F 1-1: Fly out, F6 (Flyball, 6D)
|
Top of the 3rd over - 2 run(s), 2 hit(s), 0 error(s), 0 left on base; Arizona State 3 - Villanova 1 |
BOTTOM OF THE 3RD |
Villanova Wildcats batting - Pitching for Arizona State Sun Devils : LHP Howard Sigurdson
|
Batting: LHB Jonathan Belisle
|
0-0: Called Strike 0-1: Called Strike 0-2: Ball 1-2: Ball 2-2: Ground out 4-3 (Groundball, 4)
|
Batting: RHB Steve Smith
|
0-0: Ball 1-0: Ball 2-0: Called Strike 2-1: Ball 3-1: Foul Ball, location: 2F 3-2: Foul Ball, location: 2F 3-2: SINGLE (Flyball, 6MD)
|
Batting: RHB Paul Bell
|
0-0: Ball 1-0: Called Strike 1-1: Ball 2-1: Ball 3-1: Base on Balls Steve Smith to second
|
Batting: RHB Gary Jones
|
0-0: Fielders Choice at 2nd, 6-4 (Groundball, 6M) Steve Smith to third
|
Batting: LHB José Gómez
|
0-0: Ball 1-0: Ball 2-0: Ball 3-0: Called Strike 3-1: Swinging Strike 3-2: Strikes out swinging
|
Bottom of the 3rd over - 0 run(s), 1 hit(s), 0 error(s), 2 left on base; Arizona State 3 - Villanova 1 |
TOP OF THE 4TH |
Arizona State Sun Devils batting - Pitching for Villanova Wildcats : RHP Gerald Walker
|
Batting: LHB Werner Fisher
|
0-0: Fly out, F7 (Flyball, 7LS)
|
Batting: LHB José Serrano
|
0-0: Called Strike 0-1: Ball 1-1: Foul Ball, location: 2F 1-2: Ball 2-2: Foul Ball, location: 2F 2-2: Strikes out swinging
|
Batting: LHB Juan Guzmán
|
0-0: Ball 1-0: SINGLE (Groundball, 4MD)
|
Batting: LHB John Turner
|
0-0: Foul Ball, location: 2F 0-1: Ball 1-1: Ground out U3 (Groundball, 3)
|
Top of the 4th over - 0 run(s), 1 hit(s), 0 error(s), 1 left on base; Arizona State 3 - Villanova 1 |
BOTTOM OF THE 4TH |
Villanova Wildcats batting - Pitching for Arizona State Sun Devils : LHP Howard Sigurdson
|
Batting: RHB Reynaldo Gómez
|
0-0: Ball 1-0: Swinging Strike 1-1: Swinging Strike 1-2: Ball 2-2: Ball 3-2: Base on Balls
|
Batting: RHB Michael Boulanger
|
0-0: Ball 1-0: Ball 2-0: Called Strike 2-1: Foul Ball, location: 2F 2-2: Strikes out swinging
|
Batting: RHB Martín Flores
|
0-0: Ball 1-0: Foul Ball, location: 2F 1-1: Called Strike 1-2: Strikes out swinging
|
Pitching: LHP Marvin Hill
|
|
Batting: LHB William Donnelly
|
0-0: Ball Reynaldo Gómez is caught stealing 2nd base
|
Bottom of the 4th over - 0 run(s), 0 hit(s), 0 error(s), 0 left on base; Arizona State 3 - Villanova 1 |
TOP OF THE 5TH |
Arizona State Sun Devils batting - Pitching for Villanova Wildcats : RHP Gerald Walker
|
Batting: LHB Ryan Billman
|
0-0: Called Strike 0-1: Foul Ball, location: 2F 0-2: Ball 1-2: Strikes out swinging
|
Batting: SHB Doyle Goodwin
|
0-0: Ball 1-0: Ball 2-0: Ball 3-0: Called Strike 3-1: Base on Balls
|
Batting: SHB Leonardo González
|
0-0: Fly out, F8 (Flyball, 78M)
|
Batting: SHB Paul Davenport
|
0-0: Ball 1-0: Ball 2-0: Ball 3-0: Base on Balls Doyle Goodwin to second
|
Batting: RHB Tim Oliver
|
0-0: Ball 1-0: SINGLE (Groundball, 6MD) Doyle Goodwin to third Paul Davenport to second
|
Pitching: LHP Tom Simms
|
|
Batting: LHB Werner Fisher
|
0-0: Foul Ball, location: 2F 0-1: SINGLE (Groundball, 4D) Doyle Goodwin scores Paul Davenport to third Tim Oliver to second Runner from 3rd tries for Home, SAFE, no throw
|
Batting: LHB José Serrano
|
0-0: Ball 1-0: Foul Ball, location: 2F 1-1: Ball 2-1: Ball 3-1: Base on Balls Tim Oliver to third Werner Fisher to second
|
Batting: LHB Juan Guzmán
|
0-0: Called Strike 0-1: Swinging Strike 0-2: Fielders Choice at 2nd, 5-4 (Groundball, 5)
|
Top of the 5th over - 2 run(s), 2 hit(s), 0 error(s), 2 left on base; Arizona State 5 - Villanova 1 |
BOTTOM OF THE 5TH |
Villanova Wildcats batting - Pitching for Arizona State Sun Devils : LHP Marvin Hill
|
Batting: LHB William Donnelly
|
0-0: Swinging Strike 0-1: Foul Ball, location: 2F 0-2: Foul Ball, location: 2F 0-2: Foul Ball, location: 2F 0-2: Ball 1-2: Foul Ball, location: 2F 1-2: Fly out, F2 (Popup, 3S)
|
Batting: LHB Jonathan Belisle
|
0-0: Foul Ball, location: 2F 0-1: Foul Ball, location: 2F 0-2: SINGLE (Groundball, 34D)
|
Batting: RHB Steve Smith
|
0-0: Called Strike 0-1: Swinging Strike 0-2: Foul Ball, location: 2F 0-2: Ball 1-2: Ball 2-2: Ball Jonathan Belisle steals 2nd base 3-2: Base on Balls
|
Batting: RHB Paul Bell
|
0-0: Swinging Strike 0-1: Ball 1-1: Called Strike 1-2: Ball 2-2: SINGLE (Groundball, 4D) Jonathan Belisle to third Steve Smith to second Runner from 3rd tries for Home, SAFE, no throw
|
Batting: RHB Gary Jones
|
0-0: Ball 1-0: Ball 2-0: Ball 3-0: Base on Balls Steve Smith to third Paul Bell to second
|
Batting: LHB José Gómez
|
0-0: Called Strike 0-1: Foul Ball, location: 2F 0-2: Ball 1-2: Ball 2-2: Grounds into double play, U3-6 (Groundball, 3L)
|
Bottom of the 5th over - 1 run(s), 2 hit(s), 0 error(s), 2 left on base; Arizona State 5 - Villanova 2 |
TOP OF THE 6TH |
Arizona State Sun Devils batting - Pitching for Villanova Wildcats : LHP Tom Simms
|
Batting: LHB John Turner
|
0-0: Ball 1-0: Swinging Strike 1-1: Ball 2-1: Foul Ball, location: 2F 2-2: Ball 3-2: Base on Balls
|
Batting: LHB Ryan Billman
|
0-0: Called Strike 0-1: Fly out, F6 (Popup, 6D)
|
Batting: SHB Doyle Goodwin
|
0-0: Ball 1-0: Ball 2-0: Ball 3-0: Base on Balls John Turner to second
|
Batting: SHB Leonardo González
|
0-0: Called Strike 0-1: Foul Ball, location: 2F 0-2: Single, Error in OF, E8, batter to second base John Turner scores Doyle Goodwin to third
|
Batting: SHB Paul Davenport
|
0-0: Swinging Strike 0-1: Ball 1-1: Foul Ball, location: 2F 1-2: Foul Ball, location: 2F 1-2: Ball 2-2: Strikes out swinging
|
Batting: RHB Tim Oliver
|
0-0: Ball 1-0: Ball 2-0: Fly out, F8 (Flyball, 8LM)
|
Top of the 6th over - 1 run(s), 1 hit(s), 1 error(s), 2 left on base; Arizona State 6 - Villanova 2 |
BOTTOM OF THE 6TH |
Villanova Wildcats batting - Pitching for Arizona State Sun Devils : LHP Marvin Hill
|
Batting: RHB Reynaldo Gómez
|
0-0: Called Strike 0-1: Ball 1-1: Ground out 1-3 (Groundball, 15)
|
Batting: RHB Michael Boulanger
|
0-0: Ball 1-0: Called Strike 1-1: Ball 2-1: Fly out, F9 (Line Drive, 89S)
|
Batting: RHB Martín Flores
|
0-0: Called Strike 0-1: Swinging Strike 0-2: Strikes out swinging
|
Bottom of the 6th over - 0 run(s), 0 hit(s), 0 error(s), 0 left on base; Arizona State 6 - Villanova 2 |
TOP OF THE 7TH |
Arizona State Sun Devils batting - Pitching for Villanova Wildcats : LHP Tom Simms
|
Pitching: RHP Dave Spensley
|
|
Batting: LHB Werner Fisher
|
0-0: Ground out 4-3 (Groundball, 4)
|
Batting: LHB José Serrano
|
0-0: Ground out U3 (Groundball, 3S)
|
Batting: LHB Juan Guzmán
|
0-0: Ball 1-0: SINGLE (Line Drive, 7S)
|
Batting: LHB John Turner
|
0-0: Foul Ball, location: 2F 0-1: Called Strike 0-2: Ball 1-2: Fly out, F7 (Line Drive, 7)
|
Top of the 7th over - 0 run(s), 1 hit(s), 0 error(s), 1 left on base; Arizona State 6 - Villanova 2 |
BOTTOM OF THE 7TH |
Villanova Wildcats batting - Pitching for Arizona State Sun Devils : LHP Marvin Hill
|
Batting: LHB William Donnelly
|
0-0: Ball 1-0: Called Strike 1-1: Foul Ball, location: 2F 1-2: Foul Ball, location: 2F 1-2: SOLO HOME RUN (Flyball, 9LD), Distance : 320 ft
|
Pitching: RHP Erik Stone
|
|
Batting: LHB Jonathan Belisle
|
0-0: SINGLE (Groundball, 4) (infield hit)
|
Batting: RHB Steve Smith
|
0-0: Ball Jonathan Belisle is caught stealing 2nd base 1-0: SOLO HOME RUN (Flyball, 7D), Distance : 359 ft
|
Batting: RHB Paul Bell
|
0-0: Called Strike 0-1: Foul Ball, location: 2F 0-2: Ball 1-2: Fly out, F2 (Popup, 15)
|
Batting: RHB Gary Jones
|
0-0: Ball 1-0: Ball 2-0: Foul Ball, location: 2F 2-1: Called Strike 2-2: Strikes out looking
|
Bottom of the 7th over - 2 run(s), 3 hit(s), 0 error(s), 0 left on base; Arizona State 6 - Villanova 4 |
TOP OF THE 8TH |
Arizona State Sun Devils batting - Pitching for Villanova Wildcats : RHP Dave Spensley
|
Batting: LHB Ryan Billman
|
0-0: Called Strike 0-1: Ball 1-1: Foul Ball, location: 2F 1-2: Foul Ball, location: 2F 1-2: Ball 2-2: Ball 3-2: Base on Balls
|
Batting: SHB Doyle Goodwin
|
0-0: Ball 1-0: Ball Ryan Billman is caught stealing 2nd base 2-0: Foul Ball, location: 2F 2-1: Swinging Strike 2-2: SINGLE (Flyball, 7LS)
|
Batting: SHB Leonardo González
|
0-0: Swinging Strike 0-1: Foul Ball, location: 2F 0-2: Ball 1-2: Foul Ball, location: 2F 1-2: Foul Ball, location: 2F 1-2: Ball 2-2: 2-RUN HOME RUN (Line Drive, 89XD), Distance : 388 ft
|
Batting: SHB Paul Davenport
|
0-0: Foul Ball, location: 2F 0-1: Swinging Strike 0-2: Foul Ball, location: 2F 0-2: Ball 1-2: Ball 2-2: Strikes out looking
|
Batting: RHB Tim Oliver
|
0-0: Called Strike 0-1: SINGLE (Flyball, 8LS)
|
Batting: LHB Werner Fisher
|
0-0: Ball Tim Oliver is caught stealing 2nd base
|
Top of the 8th over - 2 run(s), 3 hit(s), 0 error(s), 0 left on base; Arizona State 8 - Villanova 4 |
BOTTOM OF THE 8TH |
Villanova Wildcats batting - Pitching for Arizona State Sun Devils : RHP Erik Stone
|
Batting: LHB José Gómez
|
0-0: Ball 1-0: Called Strike 1-1: Foul Ball, location: 2F 1-2: Foul Ball, location: 2F 1-2: Foul Ball, location: 2F 1-2: Ground out 6-3 (Groundball, 6M)
|
Batting: RHB Reynaldo Gómez
|
0-0: Ball 1-0: Foul Ball, location: 2F 1-1: Ball 2-1: Ball 3-1: Base on Balls
|
Batting: RHB Michael Boulanger
|
0-0: Swinging Strike 0-1: Ball 1-1: Ball 2-1: Ball 3-1: Foul Ball, location: 2F 3-2: Strikes out looking
|
Batting: RHB Martín Flores
|
0-0: Called Strike 0-1: Ball 1-1: Foul Ball, location: 2F 1-2: Ball 2-2: Ball 3-2: Fly out, F9 (Flyball, 89S)
|
Bottom of the 8th over - 0 run(s), 0 hit(s), 0 error(s), 1 left on base; Arizona State 8 - Villanova 4 |
TOP OF THE 9TH |
Arizona State Sun Devils batting - Pitching for Villanova Wildcats : RHP Dave Spensley
|
Batting: LHB Werner Fisher
|
0-0: Ball 1-0: Ball 2-0: Called Strike 2-1: Called Strike 2-2: Ball 3-2: Strikes out swinging
|
Batting: LHB José Serrano
|
0-0: Called Strike 0-1: Ball 1-1: Ball 2-1: Foul Ball, location: 2F 2-2: Ground out 6-3 (Groundball, 6)
|
Batting: LHB Juan Guzmán
|
0-0: Ball 1-0: Called Strike 1-1: SINGLE (Line Drive, 56)
|
Batting: LHB John Turner
|
0-0: Called Strike 0-1: Ball 1-1: Fly out, F7 (Flyball, 7LM)
|
Top of the 9th over - 0 run(s), 1 hit(s), 0 error(s), 1 left on base; Arizona State 8 - Villanova 4 |
BOTTOM OF THE 9TH |
Villanova Wildcats batting - Pitching for Arizona State Sun Devils : RHP Erik Stone
|
Batting: LHB William Donnelly
|
0-0: Ball 1-0: Ball 2-0: Called Strike 2-1: Foul Ball, location: 2F 2-2: Ball 3-2: Foul Ball, location: 2F 3-2: Fly out, F3 (Popup, 34)
|
Batting: LHB Jonathan Belisle
|
0-0: Ball 1-0: Fly out, F8 (Flyball, 8RM)
|
Batting: RHB Steve Smith
|
0-0: Ball 1-0: Ball 2-0: Swinging Strike 2-1: Called Strike 2-2: Foul Ball, location: 2F 2-2: Strikes out swinging
|
Bottom of the 9th over - 0 run(s), 0 hit(s), 0 error(s), 0 left on base; Arizona State 8 - Villanova 4 |
|